 Dungeon Crawl Stone Soup version 0.30-a0-6-g7c9e10e132 (webtiles) character file.

Game seed: 995000998019509544

7 avis the Caller (level 1, 0/7 HPs)
             Began as a Felid Summoner on Aug 23, 2022.
             Hit by a stone thrown by a kobold (2 damage)
             ... on level 1 of the Dungeon.
             The game lasted 00:02:15 (450 turns).

avis the Caller (Felid Summoner)                     Turns: 450, Time: 00:02:16

Health: 0/7        AC:  1    Str:  4    XL:     1   Next: 91%
Magic:  2/4        EV: 17    Int: 16    God:
Gold:   32         SH:  0    Dex: 16    Spells: 3/4 levels left
                                        Lives:  0   Deaths: 0

rFire   . . .      SeeInvis +    (weapon unavailable)
rCold   . . .      Faith    .    (shield unavailable)
rNeg    . . .      Spirit   .    (body armour unavailable)
rPois   .          Reflect  .    (helmet unavailable)
rElec   .          Harm     .    (cloak unavailable)
rCorr   .          Rampage  .    (gloves unavailable)
Will    .....                    (boots unavailable)
Stlth   ++........               (no amulet)
HPRegen 0.02/turn                (no ring)
MPRegen 0.09/turn                (no ring)

@: quick
A: very small, claws 1, fangs 3, see invisible, speed 1, shaggy fur 1, stealthy
paws, no weapons or thrown items, no armour, multi-lived
a: no special abilities


You were on level 1 of the Dungeon.
You visited 1 branch of the dungeon, and saw 1 of its levels.

You collected 32 gold pieces.

Inventory:

Jewellery
 c - a ring of see invisible
Potions
 a - a potion of magic
 b - a potion of curing {unknown}


   Skills:
 - Level 2.6 Dodging
 - Level 2.6 Stealth
 * Level 2.4 Spellcasting
 + Level 4.1 Summonings


You had 3 spell levels left.
You knew the following spells:

 Your Spells              Type           Power      Damage    Failure   Level
a - Summon Small Mammal   Summ           60%        N/A       3%          1

Your spell library contained the following spells:

 Spells                   Type           Power      Damage    Failure   Level
 Call Imp                 Summ           15%        N/A       5%          2
 Call Canine Familiar     Summ           15%        N/A       11%         3
 Summon Guardian Golem    Hex/Summ       8%         N/A       26%         3
 Summon Lightning Spire   Summ/Air       8%         N/A       63%         4


Dungeon Overview and Level Annotations

Branches:
Dungeon (1/15)

Altars:


Innate Abilities, Weirdness & Mutations

You have sharp claws.
You have razor-sharp teeth.
You have supernaturally acute eyesight. (SInv)
You cover ground quickly. (Speed+)
You are covered in fur. (AC +1)
Your paws help you pounce on unaware monsters.
You are incapable of wielding weapons or throwing items.
You cannot wear armour.
You gain extra lives every three experience levels.


Message History

Your bat barely misses the kobold.
The kobold closely misses you.
You barely miss the kobold.
Your bat closely misses the kobold.
Your bat hits the kobold but does no damage.
Your bat closely misses the kobold.
The kobold hits you with a +0 dagger.
* * * LOW HITPOINT WARNING * * *
Your bat hits the kobold but does no damage.
Your bat hits the kobold. The goblin barely misses your bat.
The kobold barely misses your bat.
Your bat misses the kobold.
Your bat hits the kobold but does no damage.
Your bat barely misses the kobold.
The kobold hits your bat but does no damage.
Your bat hits the kobold but does no damage.
Your bat closely misses the kobold.
Casting: Summon Small Mammal (safe; 3% risk of failure)
Confirm with . or Enter, or press ? or * to list all spells.
Your bat barely misses the kobold.
Your bat barely misses the kobold.
Your bat misses the kobold. The goblin misses your bat.
Your bat misses the kobold.
Found a cloak and a copper ring.
A goblin comes into view. It is wielding a +0 dagger of venom.
Found a fizzy purple potion.
Found a scroll labelled FAPPUAC RIRR.
A goblin and a kobold come into view.
The goblin is wielding a +2 dagger of pain.
The kobold shouts!
A kobold comes into view. It is wielding a +0 whip.
The kobold throws a stone.
The stone closely misses you.
The kobold throws a stone.
The stone misses you.
You see here a ring of see invisible.
c - a ring of see invisible The kobold throws a stone.
The stone barely misses you.
A goblin comes into view. It is wielding a +0 club.
A bat comes into view.
The goblin shouts!
You scratch the bat but do no damage. Your bite misses the bat.
The bat hits you but does no damage.
The kobold throws a stone.
The stone hits you.
You die...

#
##..[.........
. #............
##
###............
#.........g....
#...K......K...
#..............
#..............
#.!............
#...g?.@.#...##
#######.b.....K
.........
..#....... ..#
....... ...
g...... ....
....... ....
.......


You could see 3 goblins, a bat and 3 kobolds.

Vanquished Creatures
  A rat (D:1)
1 creature vanquished.

Vanquished Creatures (collateral kills)
  An endoplasm (D:1)
  2 goblins (D:1)
  A hobgoblin (D:1)
  A bat (D:1)
  A kobold (D:1)
6 creatures vanquished.

Grand Total: 7 creatures vanquished

Notes
Turn   | Place    | Note
-------+----------+-------------------------------------------
     0 | D:1      | avis the Felid Summoner began the quest for the Orb.
     0 | D:1      | Reached XP level 1. HP: 7/7 MP: 4/4
   450 | D:1      | Hit by a stone thrown by a kobold

Illustrated notes

Levels and vault maps discovered:
D:1:      lightli_iron_boxes, layout_basic, ebering_ecumenical_altar_ruins,
          minmay_tromino_v4_c

Action                   || total
-------------------------++-------
Melee: Unarmed           ||    13
       Bite              ||     2
 Cast: Summon Small Mamm ||     9
Armor: Skin              ||     2
Dodge: Dodged            ||    13

Table legend: (Time is in decaauts)
 A = Elapsed time spent in this place.
 B = Non-inter-level travel time spent in this place.
 C = Inter-level travel time spent in this place.
 D = Time resting spent in this place.
 E = Time spent auto-exploring this place.
 F = Levels seen in this place.
 G = Mean time per level.
                   A        B        C        D        E       F      G
               +--------+--------+--------+--------+--------+-----+--------+
         Total |    422 |    422 |      0 |    276 |     27 |   1 |  422.0 |
       Dungeon |    422 |    422 |      0 |    276 |     27 |   1 |  422.0 |
               +--------+--------+--------+--------+--------+-----+--------+

Top non-repeatable levels by time:
     D:1: 422 daAuts
